 Dungeon Crawl Stone Soup version 0.31.0-11-ge490571c62 (webtiles) character file.

Game seed: 15901603937401206382

3 Silvore the Trooper (level 1, 0/18 HPs)
             Began as a Demonspawn Fighter on Feb 7, 2024.
             Slain by a hobgoblin (3 damage)
             ... on level 1 of the Dungeon.
             The game lasted 00:00:13 (89 turns).

Silvore the Trooper (Demonspawn Fighter)              Turns: 89, Time: 00:00:13

Health: 0/18       AC:  6    Str: 16    XL:     1   Next: 41%
Magic:  1/1        EV:  8    Int:  8    God:
Gold:   13         SH:  4    Dex: 12    Spells: 0/0 levels left

rFire   . . .        a - +0 long sword
rCold   . . .        c - +0 buckler
rNeg    . . .        b - +0 scale mail
rPois   .            (no helmet)
rElec   .            (no cloak)
rCorr   .            (no gloves)
SInv    .            (no boots)
Will    .....        (no amulet) Stlth
                     (no ring)
HPRegen 0.23/turn    (no ring)
MPRegen 0.07/turn

%: no passive effects
@: no status effects
A: no striking features
a: no special abilities


You were on level 1 of the Dungeon.
You visited 1 branch of the dungeon, and saw 1 of its levels.

You collected 13 gold pieces.

Inventory:

Hand Weapons
 a - a +0 long sword (weapon)
Armour
 b - a +0 scale mail (worn)
 c - a +0 buckler (worn)
Scrolls
 e - a scroll of immolation {unknown}
Potions
 d - a potion of might
 f - a potion of mutation {unknown}
 g - a potion of curing {unknown}


   Skills:
 + Level 3.0 Fighting
 + Level 1.7 Long Blades
 + Level 2.8 Armour
 + Level 2.7 Shields


You couldn't memorise any spells.
You didn't know any spells.
Your spell library was empty.

Dungeon Overview and Level Annotations

Branches:
Dungeon (1/15)

Altars:


Message History

The hobgoblin hits you. The goblin hits you but does no damage.
You barely miss the hobgoblin.
The hobgoblin is severely wounded.
The hobgoblin completely misses you. The goblin hits you with a +0 club.
The hobgoblin closely misses you. The hobgoblin hits you.
* * * LOW HITPOINT WARNING * * *
The goblin hits you with a +0 club.
* * * LOW HITPOINT WARNING * * *
The hobgoblin attacks as it pursues you!
The hobgoblin hits you but does no damage.
You hit the hobgoblin.
The hobgoblin is severely wounded.
The goblin hits you but does no damage.
The hobgoblin hits you but does no damage.
The hobgoblin barely misses you.
You hit the hobgoblin.
The hobgoblin is almost dead.
The goblin hits you but does no damage. The hobgoblin hits you.
* * * LOW HITPOINT WARNING * * *
The hobgoblin barely misses you. The goblin barely misses you.
The hobgoblin hits you but does no damage. x2
Unknown command.
You closely miss the hobgoblin.
The hobgoblin is almost dead.
The frilled lizard bites you but does no damage.
The goblin barely misses you.
The hobgoblin hits you but does no damage.
You block the hobgoblin's attack.
The frilled lizard bites you but does no damage.
You hit the hobgoblin.
You kill the hobgoblin!
The goblin hits you but does no damage. The hobgoblin closely misses you.
The frilled lizard completely misses you.
You closely miss the hobgoblin.
The hobgoblin is severely wounded.
The goblin barely misses you. You block the hobgoblin's attack.
The frilled lizard bites you.
* * * LOW HITPOINT WARNING * * *
The goblin barely misses you. The hobgoblin hits you.
You die...

..>..........#...####..#
...............#.# #..##
..........[..###.###)##
...............#.##..##
......................###
.........................
.#.......................
.......ggl...............
#.......@.............###
##.....#####..........#
##..## #.......>..# ###
#..........# ######...###
#...# #...# #..(# #####


You could see a hobgoblin, a goblin and a frilled lizard.

Vanquished Creatures
  An endoplasm (D:1)
  A hobgoblin (D:1)
  A goblin (D:1)
3 creatures vanquished.

Notes
Turn   | Place    | Note
-------+----------+-------------------------------------------
     0 | D:1      | Silvore the Demonspawn Fighter began the quest for the Orb.
     0 | D:1      | Reached XP level 1. HP: 18/18 MP: 1/1
    89 | D:1      | Slain by a hobgoblin

Illustrated notes

Levels and vault maps discovered:
D:1:      minmay_arrival_open_corners, layout_rooms, serial_shops,
          nicolae_shop_back_alley_shop, hangedman_abyss_or_decor_stabs

Action                     || total
---------------------------++-------
  Melee: Long sword        ||    17
 Armour: Scale mail        ||    26
  Dodge: Dodged            ||    17
  Block: Buckler           ||     5
